 Dungeon Crawl Stone Soup version 0.31-a0-1074-g0b22e4e0f1 (webtiles) character file.

Game seed: 10958936707405133445

320 croobank the Ruffian (level 6, -3/42 HPs)
             Began as an Octopode Shapeshifter on Dec 7, 2023.
             Was a Follower of Vehumet.
             Slain by an orc
             ... wielding a +0 falchion
              (5 damage)
             ... on level 4 of the Dungeon.
             The game lasted 00:05:53 (2993 turns).

croobank the Ruffian (Octopode Shapeshifter)        Turns: 2993, Time: 00:05:54

Health: -3/42      AC:  8    Str: 13    XL:     6   Next: 46%
Magic:  6/6        EV: 13    Int: 15    God:    Vehumet [*.....]
Gold:   163        SH:  0    Dex: 11    Spells: 6/6 levels left

rFire   . . .        s - +2 short sword (protect)
rCold   . . .        (no shield)
rNeg    . . .        (helmet currently unavailable)
rPois   .            (no amulet)
rElec   .            (no ring)
rCorr   .            (no ring)
SInv    .            (no ring)
Will    +....        (no ring)
Stlth   ++           (no ring)
HPRegen 0.27/turn    (no ring)
MPRegen 0.10/turn    (no ring)
                     (no ring)

%: no passive effects
@: lethally poisoned (-3 -> -12), beast-form, under a protective aura,
enlightened, flying
A: beast (slay +2), almost no armour, amphibious, 8 rings, camouflage 1,
gelatinous body 1, (nimble swimmer 1), tentacles
a: Begin Untransformation, Renounce Religion


You were on level 4 of the Dungeon.
You worshipped Vehumet.
Vehumet was aware of your devotion.
You were a hulking beast.
You visited 1 branch of the dungeon, and saw 4 of its levels.

You collected 163 gold pieces.

Inventory:

Hand Weapons
 j - a +0 trident
 n - a +3 dagger
 s - a +2 short sword of protection (weapon)
Missiles
 q - 2 silver javelins
Jewellery
 r - a ring of positive energy
Talismans
 b - a beast talisman
 c - a flux talisman
Scrolls
 e - a scroll of fog
 f - a scroll of noise
 g - a scroll of identify
 i - a scroll of immolation {unknown}
 k - a scroll of blinking {unknown}
 l - a scroll of torment {unknown}
 m - a scroll of fear {unknown}
 t - a scroll of enchant weapon {unknown}
Potions
 d - a potion of attraction


   Skills:
 + Level 3.1 Fighting
 + Level 3.6 Dodging
 + Level 4.3 Unarmed Combat
 + Level 0.5 Spellcasting
 + Level 4.1 Shapeshifting


You had 6 spell levels left.
You didn't know any spells.
Your spell library contained the following spells:

 Spells                   Type           Power      Damage    Failure   Level
 Magic Dart               Conj           0%         1d3       26%         1
 Cigotuvi's Dreadful Rot  Necr/Pois/Air  0%         N/A       36%         2
 Dazzling Flash           Conj/Hex       0%         N/A       61%         3
 Dispel Undead            Necr           0%         3d6       95%         4
 Agony                    Necr           0%         N/A       100%        5
 Silence                  Hex/Air        0%         N/A       100%        5
 Death Channel            Necr           0%         N/A       100%        6


Dungeon Overview and Level Annotations

Branches:
Dungeon (4/15)
 Temple: D:4-7

Altars:
Ashenzari
Hepliaklqana
Kikubaaqudgha
Ru
Vehumet
Zin


Innate Abilities, Weirdness & Mutations

You are a hulking beast.
Your limbs bulge with bestial killing power. (Slay +2)
You cannot wear most types of armour.
You are amphibious.
You can wear up to eight rings at the same time.
Your skin changes colour to match your surroundings (Stealth+).
Your rubbery body absorbs attacks. (AC +1, EV +1)
((You are camouflaged when in or above water. (Stealth+)))
You have tentacles for arms and can constrict up to eight enemies at once.


Message History

The orc barely misses you.
It was a potion of enlightenment.
You feel very buoyant.
You fly up into the air.
The scorpion closely misses you. Something hits you.
The orc hits you with a +0 falchion! The scorpion barely misses you.
You are too confused!
Something hits you. The scorpion barely misses you.
You see here a hound corpse.
You hear some strange, mumbled words.
Something tries to affect you, but you resist.
A magic dart appears from out of thin air!
The magic dart hits something!
Reactivating autopickup.
You feel a bit more experienced. Something hits you.
Deactivating autopickup; reactivate with Ctrl-A.
You bump into the rock wall.
The scorpion completely misses you. The orc hits you with a +0 falchion!
* * * LOW HITPOINT WARNING * * *
Non-targeted confused throw: throwing net
Press: ? - help, Q - select action, (/) - cycle Dir - look around, f - activate Look: an orc, wielding a +0 falchion You throw a throwing net.
The throwing net closely misses the orc.
The scorpion barely misses you. The orc closely misses you.
The scorpion stings you.
* * * LOW HITPOINT WARNING * * *
You are lethally poisoned!
The scorpion poisons you!
Okay, then.
You are too confused!
Unknown command.
You hit the orc.
Your weapon exudes an aura of protection.
The orc is lightly wounded.
You feel less confused.
* * * LOW HITPOINT WARNING * * *
You feel very sick. The orc hits you with a +0 falchion.
You die...

#..
#.......#............
#..
#.......#.....####...
#... #.......#)....#
#...
.#...####.......).....#
#...
................†....##
.....
#...................#
.....
#.....#.####.####.#
#.#.....#§##.....##.#
.........).#h......#..
...#.....#.#os.....#.##
. +....)..S).._.....#
#.....#.#.†.....#.#
#.....#.#.......#..#
.......#.##(....## .#
....#####.####.### ....
#.. ... #.# ....


You could see a scorpion, an orc and a ball python.

Vanquished Creatures
  A hound (D:4)
  An orc priest (D:4)
  Terence (D:3)
  Natasha (thrice) (D:2)
  5 gnolls
  2 adders (D:3)
  2 worms
  4 dart slugs
  8 orcs
  7 ball pythons
  2 bats
  3 endoplasms
  A giant cockroach (D:3)
  5 goblins
  6 hobgoblins
  4 jackals (D:1)
  5 kobolds
  2 quokkas (D:1)
  2 frilled lizards
  4 rats
68 creatures vanquished.

Vanquished Creatures (others)
  An orc wizard (D:4)
1 creature vanquished.

Grand Total: 69 creatures vanquished

Notes
Turn   | Place    | Note
-------+----------+-------------------------------------------
     0 | D:1      | croobank the Octopode Shapeshifter began the quest for the
                  | Orb.
     0 | D:1      | Reached XP level 1. HP: 13/13 MP: 1/1
   142 | D:1      | Reached XP level 2. HP: 16/18 MP: 2/2
   179 | D:1      | Reached XP level 3. HP: 8/23 MP: 3/3
   827 | D:2      | Noticed Natasha
   836 | D:2      | Killed Natasha
   837 | D:2      | Reached XP level 4. HP: 28/29 MP: 4/4
   982 | D:2      | Noticed Natasha
  1000 | D:2      | Killed Natasha
  1375 | D:2      | Noticed Natasha
  1384 | D:2      | Killed Natasha
  1385 | D:2      | Reached XP level 5. HP: 16/35 MP: 5/5
  2064 | D:3      | Noticed Terence
  2069 | D:3      | Killed Terence
  2155 | D:3      | Found a faded altar of an unknown god.
  2165 | D:3      | Reached XP level 6. HP: 17/41 MP: 6/6
  2300 | D:3      | Prayed at the altar of an unknown god.
  2300 | D:3      | Became a worshipper of Vehumet
  2300 | D:3      | Reached * piety under Vehumet
  2300 | D:3      | Offered knowledge of Magic Dart by Vehumet.
  2503 | D:3      | Found a sacrificial altar of Ru.
  2558 | D:3      | Found a hazy altar of Hepliaklqana.
  2558 | D:3      | Found a broken altar of Ashenzari.
  2560 | D:3      | Found an ancient bone altar of Kikubaaqudgha.
  2886 | D:4      | Found a glowing silver altar of Zin.
  2993 | D:4      | HP: 2/42 [poisoned by a scorpion]
  2993 | D:4      | Slain by an orc

Illustrated notes

Levels and vault maps discovered:
D:1:      heliophobic_arrival_henge, layout_loops_ring, serial_glass,
          glass_columns_a, glass_columns_b, item_on_display_b,
          item_on_display_a, due_unseen_surprise, minmay_strange_pillars,
          minmay_pentomino_s2
D:2:      layout_basic, grunt_decor_arrowhead, uniq_natasha
D:3:      layout_loops_cross, minitemple, nicolae_ru_awakened_eye,
          nicolae_ecumenical_pavilion, serial_park_tiny_2,
          chequers_serial_rivers_small_3, roderic_three_in_a_row, uniq_terence
D:4:      layout_basic, old_standard_altar

Skill      XL: |  1  2  3  4  5  6 |
---------------+-------------------+-----
Fighting       | 2 3 |  3.1
Dodging        | 3 |  3.6
Unarmed Combat | 4 |  4.3
Shapeshifting  | 4 |  4.1
Spellcasting   | |  0.5

Action                     |  1- 3 |  4- 6 || total
---------------------------+-------+-------++-------
  Melee: Unarmed           |    51 |    27 ||    78
         Constrict         |    13 |    29 ||    42
         Tentacles         |    11 |    21 ||    32
         Punch             |       |     5 ||     5
         Dagger            |       |    45 ||    45
         Short sword       |       |    44 ||    44
  Throw: Throwing net      |       |     2 ||     2
    Use: Potion            |       |     5 ||     5
         Scroll            |       |     3 ||     3
   Stab: Sleeping          |     3 |     4 ||     7
 Armour: Skin              |    27 |   135 ||   162
  Dodge: Dodged            |    26 |    66 ||    92

Table legend: (Time is in decaauts)
 A = Elapsed time spent in this place.
 B = Non-inter-level travel time spent in this place.
 C = Inter-level travel time spent in this place.
 D = Time resting spent in this place.
 E = Time spent auto-exploring this place.
 F = Levels seen in this place.
 G = Mean time per level.
                   A        B        C        D        E       F      G
               +--------+--------+--------+--------+--------+-----+--------+
         Total |   2986 |   2893 |     93 |    402 |   1943 |   4 |  746.5 |
       Dungeon |   2986 |   2893 |     93 |    402 |   1943 |   4 |  746.5 |
               +--------+--------+--------+--------+--------+-----+--------+

Top non-repeatable levels by time:
     D:3: 1027 daAuts
     D:2: 921 daAuts
     D:1: 823 daAuts
     D:4: 214 daAuts
